 Dungeon Crawl Stone Soup version 0.29-a0-355-g7276a9ff7f (webtiles) character file.

Game seed: 13161620540854595544

2773 101zpm the Magician (level 9, -3/66 HPs)
             Began as a Gnoll Air Elementalist on Apr 24, 2022.
             Slain by a yak (12 damage)
             ... on level 7 of the Dungeon.
             The game lasted 00:16:12 (8154 turns).

101zpm the Magician (Gnoll Air Elementalist)        Turns: 8154, Time: 00:16:13

Health: -3/66      AC:  5    Str: 10    XL:     9   Next: 70%
Magic:  18/19      EV: 14    Int: 26    God:
Gold:   268        SH:  0    Dex: 12    Spells: 5/21 levels left

rFire   . . .      SeeInvis +     - Unarmed
rCold   . . .      Faith    .   (no shield)
rNeg    . . .      Spirit   .   a - +0 robe
rPois   .          Reflect  .   (no helmet)
rElec   .          Harm     .   (no cloak)
rCorr   .          Rampage  .   f - +2 pair of gloves {Str+3}
Will    .....                   (no boots)
Stlth   +++.......              (no amulet)
HPRegen 0.21/turn               p - ring of see invisible
MPRegen 0.16/turn               t - +6 ring of intelligence

@: no status effects
A: fangs 1, strong nose, distributed training
a: no special abilities


You were on level 7 of the Dungeon.
You visited 1 branch of the dungeon, and saw 7 of its levels.

You collected 268 gold pieces.

Inventory:

Armour
 a - a +0 robe (worn)
 f - a +2 pair of gloves of strength (worn)
Jewellery
 p - a ring of see invisible (left hand)
 t - a +6 ring of intelligence (right hand)
Wands
 u - a wand of iceblast (18)
 v - a wand of paralysis (9)
Scrolls
 d - 6 scrolls of identify {unknown}
 h - a scroll of silence {unknown}
 i - 3 scrolls of blinking {unknown}
 j - 2 scrolls of holy word {unknown}
 k - 2 scrolls of vulnerability {unknown}
 l - 4 scrolls of teleportation {unknown}
 r - a scroll of torment {unknown}
 s - 2 scrolls of enchant weapon {unknown}
 w - 2 scrolls of fear {unknown}
 x - 2 scrolls of fog {unknown}
Potions
 b - a potion of magic
 c - a potion of haste {unknown}
 e - a potion of degeneration {unknown}
 g - 2 potions of cancellation {unknown}
 m - 2 potions of might {unknown}
 n - a potion of brilliance {unknown}
 o - 5 potions of curing {unknown}
 q - 2 potions of lignification {unknown}
 z - a potion of berserk rage {unknown}
 A - 2 potions of mutation {unknown}
 B - 2 potions of attraction {unknown}
 C - a potion of heal wounds {unknown}


   Skills:
 + Level 4.5 Fighting
 + Level 4.5 Short Blades
 + Level 4.5 Long Blades
 + Level 4.5 Axes
 + Level 4.5 Maces & Flails
 + Level 4.5 Polearms
 + Level 4.5 Staves
 + Level 4.5 Slings
 + Level 4.5 Bows
 + Level 4.5 Crossbows
 + Level 4.5 Throwing
 + Level 4.5 Armour
 + Level 6.5 Dodging
 + Level 6.2 Stealth
 + Level 4.5 Shields
 + Level 4.5 Unarmed Combat
 + Level 6.8 Spellcasting
 + Level 4.3 Conjurations
 + Level 3.7 Hexes
 + Level 3.7 Summonings
 + Level 3.7 Necromancy
 + Level 3.7 Translocations
 + Level 3.7 Transmutations
 + Level 3.7 Fire Magic
 + Level 3.7 Ice Magic
 + Level 6.7 Air Magic
 + Level 3.7 Earth Magic
 + Level 3.7 Poison Magic
 + Level 5.0 Invocations
 + Level 4.5 Evocations


You had 5 spell levels left.
You knew the following spells:

 Your Spells              Type           Power      Damage    Failure   Level
a - Shock                 Conj/Air       100%       1d9       1%          1
b - Static Discharge      Conj/Air       37%        N/A       1%          2
c - Swiftness             Air            43%        N/A       1%          3
d - Airstrike             Air            21%        N/A       4%          4
e - Sting                 Tmut/Pois      100%       1d8       1%          1
f - Poisonous Vapours     Pois/Air       72%        N/A       1%          2
g - Tukima's Dance        Hex            28%        N/A       4%          3

Your spell library contained the following spells:

 Spells                   Type           Power      Damage    Failure   Level
 Olgreb's Toxic Radiance  Pois           28%        N/A       14%         4
 Passage of Golubria      Tloc           28%        N/A       14%         4
 Fireball                 Conj/Fire      14%        3d8       32%         5
 Yara's Violent Unravell  Hex/Tmut       14%        3d7       36%         5
 Starburst                Conj/Fire      14%        6d6       88%         6
 Ignition                 Fire           14%        3d6       100%        8


Dungeon Overview and Level Annotations

Branches:
Dungeon (8/15)             Temple (0/1) D:7
   Lair: D:8-11

Altars:
Makhleb
Okawaru
Ru
Zin

Shops:
D:1 !

Annotations:
D:7 1 runed translucent door, Crazy Yiuf


Innate Abilities, Weirdness & Mutations

You have very sharp teeth.
Your uncanny sense of smell can sniff out nearby items.
Your experience applies equally to all skills.


Message History

The yak barely misses you.
Aiming: Shock (safe; 1% risk of failure)
Press: ? - help, Q - select action, (/) - cycle Shift-Dir - straight line, f/p - yak
Aim: a yak (almost dead, 84% to hit)
The zap hits the yak.
You kill the yak!
Your Invocations skill increases to level 5!
You start resting.
Magic restored.
You start resting.
HP restored.
You climb downwards.
The yak gores you! The yak gores you.
There is a stone staircase leading up, spattered with blood here.
The yak barely misses you. The yak closely misses you.
You climb upwards.
Level annotation: 1 runed translucent door, Crazy Yiuf
There is a stone staircase leading down here.
The yak attacks as you move away! The yak completely misses you.
The yak attacks as you move away! The yak gores you but does no damage.
The yak attacks as you move away! The yak gores you!
Aiming: Shock (safe; 1% risk of failure)
Press: ? - help, Q - select action, (/) - cycle Shift-Dir - straight line The zap hits the yak.
The yak is lightly wounded.
The zap hits the yak.
The yak is lightly wounded.
The yak gores you but does no damage. The yak attacks as you move away!
The yak gores you! The yak attacks as you move away! The yak gores you!
* * * LOW HITPOINT WARNING * * *
The yak attacks as you move away! The yak closely misses you.
Aiming: Shock (safe; 1% risk of failure)
Press: ? - help, Q - select action, (/) - cycle Shift-Dir - straight line, f - yak
Aim: a yak (lightly wounded, 84% to hit)
The zap hits the yak.
The yak is lightly wounded.
The zap hits the yak.
The yak is lightly wounded.
The yak gores you!
You die...

.#.........###.#.#.........#..##.
.#......#........#[........#..##.
..........[................#...#.
.........##<.###........####.#.#.
..######.###[.#......##......#.≈≈
......#..# ##...##>..#####.†###≈#
.#......## ##.####...# #>...#≈#
.........###..######## #.##..≈#
................@YY.### #.####≈≈
............#######...####.#####.
##..<..#.#....# #..........###.
##.......#....# ##.##..........
#......#.###..# #..###########
#......#......# ##.#
#....#.###....# #.# #
##...#......### #.# ##
#.#.###....# #^# ##.


You could see 2 yaks.

Vanquished Creatures
  2 hornets (D:7)
  4 yaks
  Eustachio (D:6)
  A water moccasin (D:6)
  A sky beast (D:6)
  An ice beast (D:6)
  2 black bears (D:6)
  A centaur (D:7)
  A necrophage (D:5)
  A scorpion (D:6)
  5 wights (D:7)
  6 killer bees
  4 hounds
  3 jellies (D:7)
  An orc priest (D:6)
  2 iguanas (D:5)
  3 orc wizards
  2 adders (D:2)
  An ufetubus (D:6)
  A worm (D:2)
  12 orcs
  3 ball pythons
  7 bats
  3 endoplasms
  3 giant cockroaches
  5 goblins (D:1)
  3 hobgoblins
  4 kobolds
  4 frilled lizards (D:1)
  A quokka zombie (D:6)
  3 rats
  A rat zombie (D:6)
92 creatures vanquished.

Notes
Turn   | Place    | Note
-------+----------+-------------------------------------------
     0 | D:1      | 101zpm the Gnoll Air Elementalist began the quest for the
                  | Orb.
     0 | D:1      | Reached XP level 1. HP: 13/13 MP: 6/6
   139 | D:1      | Found Fifumoce's Distillery.
   264 | D:1      | Reached XP level 2. HP: 19/19 MP: 3/7
   611 | D:1      | Reached XP level 3. HP: 25/25 MP: 5/9
   614 | D:1      | Reached skill level 5 in Spellcasting
  1233 | D:2      | Reached skill level 1 in Invocations
  1330 | D:2      | Reached skill level 1 in Fighting
  1330 | D:2      | Reached skill level 1 in Short Blades
  1330 | D:2      | Reached skill level 1 in Long Blades
  1330 | D:2      | Reached skill level 1 in Axes
  1330 | D:2      | Reached skill level 1 in Maces & Flails
  1330 | D:2      | Reached skill level 1 in Polearms
  1330 | D:2      | Reached skill level 1 in Staves
  1330 | D:2      | Reached skill level 1 in Slings
  1330 | D:2      | Reached skill level 1 in Bows
  1330 | D:2      | Reached skill level 1 in Crossbows
  1330 | D:2      | Reached skill level 1 in Throwing
  1330 | D:2      | Reached skill level 1 in Armour
  1330 | D:2      | Reached skill level 1 in Shields
  1330 | D:2      | Reached skill level 1 in Unarmed Combat
  1330 | D:2      | Reached skill level 1 in Evocations
  1841 | D:2      | Reached XP level 4. HP: 32/32 MP: 6/11
  1940 | D:2      | Found a glowing silver altar of Zin.
  2082 | D:3      | You fall into a shaft and drop 3 floors!
  2102 | D:6      | Noticed Eustachio
  2107 | D:6      | Learned a level 2 spell: Static Discharge
  2111 | D:6      | Learned a level 3 spell: Swiftness
  2116 | D:6      | Learned a level 4 spell: Airstrike
  2118 | D:6      | Learned a level 1 spell: Sting
  2121 | D:6      | Learned a level 2 spell: Poisonous Vapours
  2130 | D:6      | Killed Eustachio
  2131 | D:6      | Reached skill level 1 in Hexes
  2131 | D:6      | Reached skill level 1 in Summonings
  2131 | D:6      | Reached skill level 1 in Necromancy
  2131 | D:6      | Reached skill level 1 in Translocations
  2131 | D:6      | Reached skill level 1 in Transmutations
  2131 | D:6      | Reached skill level 1 in Fire Magic
  2131 | D:6      | Reached skill level 1 in Ice Magic
  2131 | D:6      | Reached skill level 1 in Earth Magic
  2131 | D:6      | Reached skill level 1 in Poison Magic
  2131 | D:6      | Reached XP level 5. HP: 37/37 MP: 2/12
  2227 | D:6      | Reached XP level 6. HP: 44/44 MP: 8/14
  2250 | D:6      | Noticed a sky beast
  2254 | D:6      | Killed a sky beast
  2255 | D:6      | Reached skill level 5 in Dodging
  2693 | D:6      | Noticed an ice beast
  2696 | D:6      | Killed an ice beast
  2697 | D:6      | Reached XP level 7. HP: 51/51 MP: 5/15
  2838 | D:6      | Learned a level 3 spell: Tukima's Dance
  3620 | D:6      | Reached skill level 5 in Stealth
  4082 | D:6      | Reached XP level 8. HP: 36/57 MP: 2/16
  4210 | D:6      | Found a burning altar of Makhleb.
  4347 | D:5      | Entered Level 5 of the Dungeon
  4564 | D:5      | Found an iron altar of Okawaru.
  5323 | D:7      | Noticed a hornet
  5331 | D:7      | Killed a hornet
  5580 | D:7      | Found a staircase to the Ecumenical Temple.
  5731 | D:7      | Noticed a hornet
  5738 | D:7      | Killed a hornet
  5917 | D:7      | Reached XP level 9. HP: 65/65 MP: 4/18
  6220 | D:7      | Found a sacrificial altar of Ru.
  7093 | D:7      | Found a runed translucent door.
  7094 | D:7      | Noticed Crazy Yiuf
  8034 | D:7      | Reached skill level 5 in Invocations
  8154 | D:7      | Slain by a yak

Illustrated notes

Levels and vault maps discovered:
D:1:      ncdulo_smallfort, layout_loops_cross, serial_shops, shop,
          minmay_tall_x
D:2:      layout_basic, basic_altar, kennysheep_nub
D:3:      layout_rooms, serial_shops, nicolae_shop_overgrown_old_shop,
          serial_park_tiny_pond
D:5:      layout_loops_ring, mainiacjoe_overflow_cross_hatched
D:6:      layout_basic, marbit_many_paths, enter_ossuary_4, uniq_eustachio
D:7:      layout_rooms, kennysheep_mini_moat, minmay_temple_entry_junction,
          serial_curves, eino_curves_01, eino_curves_03,
          hangedman_abyss_or_decor_stabs, uniq_crazy_yiuf_cottage
D:8:      cheibrodos_two_vegetables, layout_cave_pods, lair_entry_dummy,
          gammafunk_ghost_gnarly_gnolls, uniq_erica

Skill      XL: |  1  2  3  4  5  6  7  8  9 |
---------------+----------------------------+-----
Conjurations   | 2 3 4 |  4.3
Spellcasting   | 5 6 |  6.8
Invocations    | 1 2 3 4 5 |  5.0
Fighting       | 1 2 3 4 |  4.5
Short Blades   | 1 2 3 4 |  4.5
Long Blades    | 1 2 3 4 |  4.5
Axes           | 1 2 3 4 |  4.5
Maces & Flails | 1 2 3 4 |  4.5
Polearms       | 1 2 3 4 |  4.5
Staves         | 1 2 3 4 |  4.5
Slings         | 1 2 3 4 |  4.5
Bows           | 1 2 3 4 |  4.5
Crossbows      | 1 2 3 4 |  4.5
Throwing       | 1 2 3 4 |  4.5
Armour         | 1 2 3 4 |  4.5
Shields        | 1 2 3 4 |  4.5
Unarmed Combat | 1 2 3 4 |  4.5
Evocations     | 1 2 3 4 |  4.5
Hexes          | 1 2 3 |  3.7
Summonings     | 1 2 3 |  3.7
Necromancy     | 1 2 3 |  3.7
Translocations | 1 2 3 |  3.7
Transmutations | 1 2 3 |  3.7
Fire Magic     | 1 2 3 |  3.7
Ice Magic      | 1 2 3 |  3.7
Earth Magic    | 1 2 3 |  3.7
Poison Magic   | 1 2 3 |  3.7
Dodging        | 5 6 |  6.5
Stealth        | 5 6 |  6.2
Air Magic      | 6 |  6.7

Action                   |  1- 3 |  4- 6 |  7- 9 || total
-------------------------+-------+-------+-------++-------
Melee: Unarmed           |     5 |     1 |     3 ||     9
 Cast: Shock             |    51 |    23 |    48 ||   122
       Poisonous Vapours |       |     5 |     6 ||    11
       Airstrike         |       |     5 |    59 ||    64
       Sting             |       |       |     3 ||     3
       Static Discharge  |       |       |     1 ||     1
Evoke: Wand              |       |       |     1 ||     1
 Stab: Sleeping          |     1 |       |       ||     1
Armor: Robe              |     2 |     7 |    10 ||    19
Dodge: Dodged            |     8 |     1 |    50 ||    59

Table legend: (Time is in decaauts)
 A = Elapsed time spent in this place.
 B = Non-inter-level travel time spent in this place.
 C = Inter-level travel time spent in this place.
 D = Time resting spent in this place.
 E = Time spent auto-exploring this place.
 F = Levels seen in this place.
 G = Mean time per level.
                   A        B        C        D        E       F      G
               +--------+--------+--------+--------+--------+-----+--------+
         Total |   8161 |   7824 |    337 |   2702 |   4525 |   7 | 1165.9 |
       Dungeon |   8161 |   7824 |    337 |   2702 |   4525 |   7 | 1165.9 |
               +--------+--------+--------+--------+--------+-----+--------+

Top non-repeatable levels by time:
     D:6: 2776 daAuts
     D:7: 2056 daAuts
     D:2: 1041 daAuts
     D:1: 1039 daAuts
     D:5: 912 daAuts
     D:8: 334 daAuts
